AoeStats
← bosmang

Arabian Desert

509138799Analyzed
1v1 RM · 6d ago on Sep 25, 2026· 55m 48s· 2 players
Game mode
Random Map
Map size
Tiny (2 player)
Population
200
Speed
Normal
Resources
Standard
Victory
Conquest
Starting age
Dark Age
Ending age
Imperial Age
RankedLock teamsTeams togetherTeam positionsShared explorationLock speedFull tech treeHidden civsTurbo modeCheats
Victory
Defeat
1062
+19
🇩🇪 Berbers · Germany
1119
-19
bosmang
3:37 Loom
10:01 Feudal Age
10:31 Double-Bit Axe
11:21 Horse Collar
12:15 Gold Mining
14:18 Wheelbarrow
16:05 Town Watch
18:09 Bloodlines
21:12 Castle Age
19:58 Stone Mining
20:18 Fletching
20:29 Padded Archer Armor
22:40 Leather Archer Armor
22:22 Bodkin Arrow
22:36 Heavy Plow
23:54 Gold Shaft Mining
24:51 Ballistics
28:29 Pikeman
29:10 Squires
34:10 Imperial Age
32:00 Murder Holes
32:11 Husbandry
34:18 Masonry
34:41 Thumb Ring
35:00 Maghrebi Camels
35:21 Conscription
35:33 Bracer
36:04 Bow Saw
39:04 Ring Archer Armor
39:03 Elite Camel Archer
40:28 Heavy Camel Rider
42:40 Forging
42:36 Scale Barding Armor
47:32 Devotion
47:20 Light Cavalry
49:41 Hoardings
51:05 Scale Mail Armor
52:14 Iron Casting
52:06 Chain Barding Armor
52:00 Hussar
53:44 Hand Cart
Сасный фембойчик
6:12 Loom
10:12 Feudal Age
10:36 Horse Collar
10:43 Double-Bit Axe
15:18 Gold Mining
21:18 Castle Age
19:54 Fletching
20:07 Padded Archer Armor
20:04 Stone Mining
22:29 Bodkin Arrow
22:49 Leather Archer Armor
23:29 Wheelbarrow
22:40 Town Watch
25:38 Forging
25:34 Scale Barding Armor
26:28 Fervor
27:01 Bow Saw
27:14 Heavy Plow
27:24 Crossbowman
31:10 Hand Cart
32:12 Ballistics
32:26 Town Patrol
37:15 Imperial Age
35:31 Iron Casting
34:57 Scale Mail Armor
35:33 Svan Towers
35:22 Elite Skirmisher
36:25 Chain Barding Armor
36:47 Masonry
38:39 Bracer
39:39 Blast Furnace
39:57 Chemistry
39:29 Architecture
40:21 Conscription
41:06 Plate Barding Armor
40:47 Chain Mail Armor
40:32 Elite Monaspa
44:03 Stone Shaft Mining
45:56 Aznauri Cavalry
48:19 Guard Tower
48:27 Murder Holes
49:07 Arrowslits
53:40 Hoardings
55:27 Crop Rotation
Connection lost

Rejoining the realm…

Still unreachable

The connection could not be restored.

Session expired

The server has moved on; the page needs a fresh start.